 Dungeon Crawl Stone Soup version 0.24.0-37-gcf1ca852f1 (webtiles) character file.

Game seed: 11361021822211215488, levelgen mode: deterministic

25 lepoulpe303 the Sneak (level 2, -1/13 HPs)
             Began as a Spriggan Enchanter on Nov 23, 2019.
             Slain by a leopard gecko (5 damage)
             ... on level 1 of the Dungeon.
             The game lasted 00:08:04 (1030 turns).

lepoulpe303 the Sneak (Spriggan Enchanter)          Turns: 1030, Time: 00:08:05

Health: -1/13      AC:  2    Str:  4    XL:     2   Next: 82%
Magic:  6/6        EV: 18    Int: 16    God:
Gold:   33         SH:  0    Dex: 16    Spells: 3/6 levels left

rFire    . . .     SeeInvis +   a - +3 dagger
rCold    . . .     Gourm    .   (shield restricted)
rNeg     . . .     Faith    .   b - +0 robe
rPois    .         Spirit   .   (helmet restricted)
rElec    .         Reflect  .   (no cloak)
rCorr    .         Harm     .   (gloves unavailable)
MR       .....                  (boots unavailable)
Stlth    +++.......             (no amulet)
HPRegen  0.04/turn              (no ring)
MPRegen  0.10/turn              (no ring)

@: very quick
A: very small, unfitting armour, see invisible, herbivore, speed 3, slow
metabolism 2
a: no special abilities


You were on level 1 of the Dungeon.
You were not hungry.

You visited 1 branch of the dungeon, and saw 1 of its levels.

You collected 33 gold pieces.

Inventory:

Hand Weapons
 a - a +3 dagger (weapon)
Armour
 b - a +0 robe (worn)
Scrolls
 f - a scroll of teleportation {unknown}
Potions
 c - a potion of curing {unknown}
 d - 2 potions of mutation {unknown}
 g - a potion of flight {unknown}
Comestibles
 e - 2 rations


   Skills:
 + Level 2.3 Short Blades
 - Level 3.0 Dodging
 + Level 5.4 Stealth
 - Level 2.6 Spellcasting
 - Level 3.6 Hexes


You had 3 spell levels left.
You knew the following spells:

 Your Spells              Type           Power        Failure   Level  Hunger
a - Ensorcelled Hibernat  Hex/Ice        #.....       14%         2    ##.....
v - Corona                Hex            ##.....      4%          1    #......

Your spell library contained the following spells:

 Spells                   Type           Power        Failure   Level  Hunger
 Confuse                  Hex            ##......     13%         3    ###....
 Tukima's Dance           Hex            ##......     13%         3    ###....
 Dazzling Spray           Conj/Hex       #.....       28%         3    ###....


Dungeon Overview and Level Annotations

Branches:
Dungeon (1/15)

Altars:


Innate Abilities, Weirdness & Mutations

You are very small and have problems with some larger weapons.
You are too small for most types of armour.
You have supernaturally acute eyesight. (SInv)
You are a herbivore.
You cover ground extremely quickly.
You need to consume almost no food.


Message History

A leopard gecko comes into view.
You barely miss the leopard gecko.
The leopard gecko bites you but does no damage.
You hit the leopard gecko but do no damage.
The leopard gecko bites you. The leopard gecko misses you.
You take 4 damage, and have 8/13 hp.
MASSIVE DAMAGE!!
You hit the leopard gecko but do no damage.
The leopard gecko closely misses you.
You closely miss the leopard gecko. The leopard gecko closely misses you.
You hit the leopard gecko. The leopard gecko misses you.
You hit the leopard gecko but do no damage.
The leopard gecko completely misses you.
You hit the leopard gecko. The leopard gecko bites you.
* * * LOW HITPOINT WARNING * * *
You take 4 damage, and have 4/13 hp.
MASSIVE DAMAGE!!
You completely miss the leopard gecko. The leopard gecko misses you.
You closely miss the leopard gecko. The leopard gecko bites you.
You die...

......#.###.###..
......#...###...
......###.#.#.#..
.......#......#..##
......###.#.###...# #
......#......#..#.#.#
####..#.#.#.###.#...#
##...###...#.l#..#.##
#.###.###.#.@.......
#..............>....
#####.####..........
............
###..........
#..........
#.........(
##########.


You could see a leopard gecko.

Levels and vault maps discovered:
D:1:      ncdulo_smallfort, layout_basic, serial_park_tiny_1,
          minmay_indecisive_spiral

Notes
Turn   | Place    | Note
-------+----------+-------------------------------------------
     0 | D:1      | lepoulpe303 the Spriggan Enchanter began the quest for the
                  | Orb.
     0 | D:1      | Reached XP level 1. HP: 9/9 MP: 5/5
    48 | D:1      | Identified a +0 dagger
   261 | D:1      | Identified a +0 club
   308 | D:1      | Reached XP level 2. HP: 10/13 MP: 4/6
   313 | D:1      | Learned a level 2 spell: Ensorcelled Hibernation
   340 | D:1      | Identified a +0 club
   355 | D:1      | Reached skill level 5 in Stealth
   510 | D:1      | Identified a +3 dagger
   549 | D:1      | Reached skill level 2 in Short Blades
   552 | D:1      | HP: 3/13 [dart slug (3)]
   575 | D:1      | Identified a +0 club
   631 | D:1      | Identified a +0 club
   633 | D:1      | Identified a +0 club
   651 | D:1      | HP: 1/13 [goblin/+0 club (5)]
   698 | D:1      | Identified a +0 dagger
  1030 | D:1      | Slain by a leopard gecko

Table legend:
 A = Turns spent in this place as a percentage of turns spent in the entire game.
 B = Non-inter-level travel turns spent in this place as a percentage of non-inter-level travel turns spent in the entire game.
 C = Inter-level travel turns spent in this place as a percentage of turns spent in this place.
 D = Turns resting spent in this place as a percentage of non-inter-level travel turns spent in this place.
 E = Turns spent auto-exploring this place as a percentage of non-inter-level travel turns spent in this place.
 F = Non-inter-level travel turns spent in this place divided by the number of levels of this place that you've seen.
                   A       B       C       D       E      F
               +-------+-------+-------+-------+-------+----------------------
         Total | 100.0 | 100.0 |   0.0 |  60.5 |  12.3 | 1030.0
       Dungeon | 100.0 | 100.0 |   0.0 |  60.5 |  12.3 | 1030.0
               +-------+-------+-------+-------+-------+----------------------

Table legend:
 A = Kills in this place as a percentage of kills in entire the game.
 B = Kills by you in this place as a percentage of kills by you in the entire game.
 C = Kills by friends in this place as a percentage of kills by friends in the entire game.
 D = Other kills in this place as a percentage of other kills in the entire game.
 E = Experience gained in this place as a percentage of experience gained in the entire game.
 F = Experience gained in this place divided by the number of levels of this place that you have seen.
                   A       B       C       D       E      F
               +-------+-------+-------+-------+-------+----------------------
         Total | 100.0 | 100.0 |   N/A |   N/A | 100.0 |  36.0
       Dungeon | 100.0 | 100.0 |   N/A |   N/A | 100.0 |  36.0
               +-------+-------+-------+-------+-------+----------------------

Skill      XL: |  1  2 |
---------------+-------+-----
Stealth        | 5 |  5.4
Short Blades   | 2 |  2.3
Dodging        | |  3.0
Spellcasting   | |  2.6
Hexes          | |  3.6

Action                   || total
-------------------------++-------
Melee: Dagger            ||    92
 Cast: Corona            ||     2
 Stab: Distracted        ||     1
Armor: Robe              ||    10
Dodge: Dodged            ||    70

Vanquished Creatures
  A dart slug (D:1)
  5 bats (D:1)
  5 goblins (D:1)
  4 hobgoblins (D:1)
  4 kobolds (D:1)
  2 rats (D:1)
21 creatures vanquished.
